TOP OF THE 1ST |
Reno Aces batting - Pitching for Indianapolis Indians : RHP Antonio Alvarez
|
Pitching: RHP Antonio Alvarez
|
|
Batting: SHB Carlos Rodriguez
|
0-0: Swinging Strike 0-1: Ball 1-1: Ball 2-1: Ball 3-1: Called Strike 3-2: Base on Balls
|
Batting: RHB Roberto Rodriguez
|
0-0: Called Strike 0-1: Ball 1-1: Ball 2-1: Ball 3-1: Base on Balls Carlos Rodriguez to second
|
Batting: LHB Kyle Beaulieu
|
0-0: Foul Ball, location: 2F 0-1: Ball 1-1: Called Strike 1-2: Foul Ball, location: 2F 1-2: Ball 2-2: Foul Ball, location: 2F 2-2: Ball 3-2: SINGLE (Line Drive, 78S, EV 93.1 MPH) Carlos Rodriguez to third Roberto Rodriguez to second
|
Batting: RHB Marlon Reda
|
0-0: Ball 1-0: Ball 2-0: Foul Ball, location: 2F 2-1: Fly out, F9 (Flyball, 89M, EV 77.5 MPH)
|
Batting: LHB Ian Jarvis
|
0-0: Fly out, F8 (Flyball, 8LM, EV 93.8 MPH) Runner from 3rd tags up, SCORES, no throw by CF
|
Batting: RHB Ruben Garza
|
0-0: Foul Ball, location: 2F 0-1: Swinging Strike 0-2: Ball 1-2: Ball 2-2: Fly out, F8 (Flyball, 8RM, EV 83.8 MPH)
|
Top of the 1st over - 1 run, 1 hit, 0 errors, 2 left on base; Reno 1 - Indianapolis 0 |
BOTTOM OF THE 1ST |
Indianapolis Indians batting - Pitching for Reno Aces : RHP Chad Pfeiffer
|
Pitching: RHP Chad Pfeiffer
|
|
Batting: RHB Caleb Russell
|
0-0: Called Strike 0-1: Ball 1-1: Ground out 5-3 (Groundball, 5, EV 91.9 MPH)
|
Batting: LHB Jorge Quintana
|
0-0: Called Strike 0-1: DOUBLE (Line Drive, 7LM, EV 106.2 MPH)
|
Batting: LHB Jody Hudson
|
0-0: Ball 1-0: Called Strike 1-1: Ball 2-1: Swinging Strike 2-2: DOUBLE (Flyball, 78XD, EV 100.6 MPH) Jorge Quintana scores
|
Batting: LHB Alberto Figueroa
|
0-0: Called Strike 0-1: Ball 1-1: Called Strike 1-2: Ball 2-2: Foul Ball, location: 2F 2-2: Ball 3-2: Ground out 6-3 (Groundball, 6M, EV 79.4 MPH) Jody Hudson to third
|
Batting: RHB Chris Pozzi
|
0-0: Ball 1-0: Called Strike 1-1: Fly out, F9 (Flyball, 89D, EV 108.8 MPH)
|
Bottom of the 1st over - 1 run, 2 hits, 0 errors, 1 left on base; Reno 1 - Indianapolis 1 |
TOP OF THE 2ND |
Reno Aces batting - Pitching for Indianapolis Indians : RHP Antonio Alvarez
|
Batting: RHB Xavier Castellanos
|
0-0: Called Strike 0-1: Foul Ball, location: 2F 0-2: Fly out, F7 (Flyball, 78S, EV 91.9 MPH)
|
Batting: LHB Sam Dowdy
|
0-0: Foul Ball, location: 2F 0-1: Swinging Strike 0-2: SINGLE (Groundball, 4D, EV 103.1 MPH)
|
Batting: LHB Steve Reinhart
|
0-0: Fly out, F8 (Flyball, 8RD, EV 108.8 MPH)
|
Batting: SHB Carlos Rodriguez
|
0-0: Ball 1-0: Ball 2-0: Foul Ball, location: 2F 2-1: Called Strike 2-2: Strikes out looking
|
Top of the 2nd over - 0 runs, 1 hit, 0 errors, 1 left on base; Reno 1 - Indianapolis 1 |
BOTTOM OF THE 2ND |
Indianapolis Indians batting - Pitching for Reno Aces : RHP Chad Pfeiffer
|
Batting: RHB Etsuro Hosokawa
|
0-0: Ball 1-0: Ball 2-0: Called Strike 2-1: SINGLE (Line Drive, 4D, EV 96.2 MPH)
|
Batting: RHB Richard Barrios
|
0-0: Ball 1-0: Ball 2-0: Called Strike 2-1: Ball 3-1: Called Strike 3-2: Strikes out looking Etsuro Hosokawa is caught stealing 2nd base 2-4 Batter strikes out.
|
Batting: RHB Keiji Nakajima
|
0-0: SINGLE (Groundball, 34D, EV 103.1 MPH)
|
Batting: RHB Slamet Pamungkas
|
0-0: Foul Ball, location: 2F 0-1: Fielders Choice at 2nd, 6-4 (Groundball, 6, EV 104.4 MPH)
|
Bottom of the 2nd over - 0 runs, 2 hits, 0 errors, 1 left on base; Reno 1 - Indianapolis 1 |
TOP OF THE 3RD |
Reno Aces batting - Pitching for Indianapolis Indians : RHP Antonio Alvarez
|
Batting: RHB Roberto Rodriguez
|
0-0: Ball 1-0: Foul Ball, location: 2F 1-1: Ground out 6-3 (Groundball, 6M, EV 89.4 MPH)
|
Batting: LHB Kyle Beaulieu
|
0-0: Ball 1-0: SINGLE (Line Drive, 5D, EV 95.6 MPH)
|
Batting: RHB Marlon Reda
|
0-0: Called Strike 0-1: Foul Ball, location: 2F 0-2: Strikes out swinging
|
Batting: LHB Ian Jarvis
|
0-0: Swinging Strike 0-1: Swinging Strike 0-2: Strikes out swinging
|
Top of the 3rd over - 0 runs, 1 hit, 0 errors, 1 left on base; Reno 1 - Indianapolis 1 |
BOTTOM OF THE 3RD |
Indianapolis Indians batting - Pitching for Reno Aces : RHP Chad Pfeiffer
|
Batting: RHB Caleb Russell
|
0-0: Called Strike 0-1: Foul Ball, location: 2F 0-2: SOLO HOME RUN (Line Drive, 7D, EV 101.9 MPH), Distance : 416 ft
|
Batting: LHB Jorge Quintana
|
0-0: Ball 1-0: Swinging Strike 1-1: Swinging Strike 1-2: Strikes out swinging
|
Batting: LHB Jody Hudson
|
0-0: Called Strike 0-1: Called Strike 0-2: Ball 1-2: SINGLE (Line Drive, 6D, EV 94.4 MPH)
|
Batting: LHB Alberto Figueroa
|
0-0: Called Strike 0-1: Fielders Choice at 2nd, 6-4 (Groundball, 6, EV 101.2 MPH)
|
Batting: RHB Chris Pozzi
|
0-0: Foul Ball, location: 2F 0-1: Ball Alberto Figueroa steals 2nd, throwing error, E2 Alberto Figueroa to third 1-1: Foul Ball, location: 2F 1-2: Ball 2-2: Foul Ball, location: 2F 2-2: Foul Ball, location: 2F 2-2: Foul Ball, location: 2F 2-2: Ball 3-2: Strikes out looking
|
Bottom of the 3rd over - 1 run, 2 hits, 1 error, 1 left on base; Reno 1 - Indianapolis 2 |
TOP OF THE 4TH |
Reno Aces batting - Pitching for Indianapolis Indians : RHP Antonio Alvarez
|
Batting: RHB Ruben Garza
|
0-0: Ball 1-0: Ball 2-0: Foul Ball, location: 2F 2-1: Ball 3-1: Called Strike 3-2: Base on Balls
|
Batting: RHB Xavier Castellanos
|
0-0: Ball 1-0: Ball 2-0: Ball 3-0: Called Strike 3-1: Base on Balls Ruben Garza to second
|
Batting: LHB Sam Dowdy
|
0-0: Swinging Strike 0-1: Swinging Strike 0-2: Strikes out looking
|
Batting: LHB Steve Reinhart
|
0-0: Called Strike 0-1: Ball 1-1: Ball 2-1: Called Strike 2-2: Foul Ball, location: 2F 2-2: Fielders Choice at 2nd, 5-4 (Groundball, 5, EV 103.8 MPH) Ruben Garza to third
|
Batting: SHB Carlos Rodriguez
|
0-0: Ball 1-0: Ball 2-0: Called Strike 2-1: Fly out, F9 (Flyball, 89S, EV 75.0 MPH)
|
Top of the 4th over - 0 runs, 0 hits, 0 errors, 2 left on base; Reno 1 - Indianapolis 2 |
BOTTOM OF THE 4TH |
Indianapolis Indians batting - Pitching for Reno Aces : RHP Chad Pfeiffer
|
Batting: RHB Etsuro Hosokawa
|
0-0: Called Strike 0-1: Called Strike 0-2: Ball 1-2: Ground out 6-3 (Groundball, 6M, EV 82.5 MPH)
|
Batting: RHB Richard Barrios
|
0-0: Called Strike 0-1: Ball 1-1: Foul Ball, location: 2F 1-2: Ground out 5-3 (Groundball, 56S, EV 78.8 MPH)
|
Batting: RHB Keiji Nakajima
|
0-0: Ground out 6-3 (Groundball, 6M, EV 105.0 MPH)
|
Bottom of the 4th over - 0 runs, 0 hits, 0 errors, 0 left on base; Reno 1 - Indianapolis 2 |
TOP OF THE 5TH |
Reno Aces batting - Pitching for Indianapolis Indians : RHP Antonio Alvarez
|
Batting: RHB Roberto Rodriguez
|
0-0: Ball 1-0: Ball 2-0: Called Strike 2-1: Foul Ball, location: 2F 2-2: Strikes out swinging
|
Batting: LHB Kyle Beaulieu
|
0-0: Foul Ball, location: 2F 0-1: Called Strike 0-2: Fly out, F7 (Flyball, 7LM, EV 85.0 MPH)
|
Batting: RHB Marlon Reda
|
0-0: Ball 1-0: Called Strike 1-1: SINGLE (Flyball, 89S, EV 93.8 MPH)
|
Batting: LHB Ian Jarvis
|
0-0: Fly out, F7 (Line Drive, 7, EV 95.6 MPH)
|
Top of the 5th over - 0 runs, 1 hit, 0 errors, 1 left on base; Reno 1 - Indianapolis 2 |
BOTTOM OF THE 5TH |
Indianapolis Indians batting - Pitching for Reno Aces : RHP Chad Pfeiffer
|
Batting: RHB Slamet Pamungkas
|
0-0: Ground out 4-3 (Groundball, 34, EV 108.8 MPH)
|
Batting: RHB Caleb Russell
|
0-0: Ball 1-0: Swinging Strike 1-1: Ball 2-1: Called Strike 2-2: Ball 3-2: Base on Balls
|
Batting: LHB Jorge Quintana
|
0-0: Ball 1-0: Ball 2-0: Swinging Strike 2-1: Fly out, F4 (Flyball, 4D, EV 79.4 MPH)
|
Batting: LHB Jody Hudson
|
0-0: Called Strike 0-1: Foul Ball, location: 2F 0-2: Ground out 2-3 (Groundball, 2R, EV 65.0 MPH)
|
Bottom of the 5th over - 0 runs, 0 hits, 0 errors, 1 left on base; Reno 1 - Indianapolis 2 |
TOP OF THE 6TH |
Reno Aces batting - Pitching for Indianapolis Indians : RHP Antonio Alvarez
|
Batting: RHB Ruben Garza
|
0-0: Called Strike 0-1: Ball 1-1: Ball 2-1: Foul Ball, location: 2F 2-2: SINGLE (Line Drive, 78S, EV 106.9 MPH)
|
Batting: RHB Xavier Castellanos
|
0-0: Ball Ruben Garza steals 2nd base 1-0: Called Strike 1-1: Ball 2-1: Called Strike 2-2: Fly out, F9 (Flyball, 89M, EV 88.1 MPH)
|
Batting: LHB Sam Dowdy
|
0-0: Ball 1-0: Ball 2-0: Ball 3-0: Called Strike 3-1: Fly out, F7 (Flyball, 7S, EV 87.5 MPH)
|
Batting: LHB Steve Reinhart
|
0-0: Ground out 6-3 (Groundball, 6MS, EV 83.1 MPH)
|
Top of the 6th over - 0 runs, 1 hit, 0 errors, 1 left on base; Reno 1 - Indianapolis 2 |
BOTTOM OF THE 6TH |
Indianapolis Indians batting - Pitching for Reno Aces : RHP Chad Pfeiffer
|
Batting: LHB Alberto Figueroa
|
0-0: Ball 1-0: Ball 2-0: Ground out 4-3 (Groundball, 34D, EV 91.2 MPH)
|
Batting: RHB Chris Pozzi
|
0-0: Foul Ball, location: 2F 0-1: Ball 1-1: Ball 2-1: Foul Ball, location: 2F 2-2: Ball 3-2: Base on Balls
|
Batting: RHB Etsuro Hosokawa
|
0-0: Called Strike 0-1: Ball 1-1: Fly out, F8 (Line Drive, 8LD, EV 110.0 MPH)
|
Batting: RHB Richard Barrios
|
0-0: Called Strike 0-1: Called Strike 0-2: Ball 1-2: Fly out, F7 (Flyball, 7S, EV 79.4 MPH)
|
Bottom of the 6th over - 0 runs, 0 hits, 0 errors, 1 left on base; Reno 1 - Indianapolis 2 |
TOP OF THE 7TH |
Reno Aces batting - Pitching for Indianapolis Indians : RHP Antonio Alvarez
|
Pitching: RHP Shinya Ito
|
|
Batting: SHB Carlos Rodriguez
|
0-0: Swinging Strike 0-1: Foul Ball, location: 2F 0-2: Foul Ball, location: 2F 0-2: Ball 1-2: Ball 2-2: Foul Ball, location: 2F 2-2: Ball 3-2: Ground out 6-3 (Groundball, 6M, EV 100.6 MPH)
|
Batting: RHB Roberto Rodriguez
|
0-0: Ball 1-0: Ball 2-0: Ball 3-0: Base on Balls
|
Batting: LHB Kyle Beaulieu
|
0-0: Ball 1-0: Called Strike 1-1: Called Strike 1-2: Ball 2-2: Strikes out looking
|
Batting: RHB Marlon Reda
|
0-0: Ground out 1-3 (Groundball, 25, EV 69.4 MPH)
|
Top of the 7th over - 0 runs, 0 hits, 0 errors, 1 left on base; Reno 1 - Indianapolis 2 |
BOTTOM OF THE 7TH |
Indianapolis Indians batting - Pitching for Reno Aces : RHP Chad Pfeiffer
|
Batting: RHB Keiji Nakajima
|
0-0: Called Strike 0-1: Called Strike 0-2: Strikes out swinging
|
Batting: RHB Slamet Pamungkas
|
0-0: Ground out 6-3 (Groundball, 6, EV 88.8 MPH)
|
Batting: RHB Caleb Russell
|
0-0: Ball 1-0: SINGLE (Line Drive, 8RS, EV 102.5 MPH)
|
Batting: LHB Jorge Quintana
|
0-0: Ball 1-0: Ball 2-0: Foul Ball, location: 2F 2-1: Called Strike 2-2: Ball Caleb Russell steals 2nd, throwing error, E2 Caleb Russell to third 3-2: Fly out, F6 (Popup, P, EV 77.5 MPH)
|
Bottom of the 7th over - 0 runs, 1 hit, 1 error, 1 left on base; Reno 1 - Indianapolis 2 |
TOP OF THE 8TH |
Reno Aces batting - Pitching for Indianapolis Indians : RHP Shinya Ito
|
Pitching: RHP Justin Jones
|
|
Batting: LHB Ian Jarvis
|
0-0: Ball 1-0: Ball 2-0: Called Strike 2-1: Ball 3-1: Foul Ball, location: 2F 3-2: SINGLE (Flyball, 9S, EV 88.1 MPH)
|
Batting: RHB Ruben Garza
|
0-0: Ball 1-0: DOUBLE (Flyball, 8RXD, EV 103.8 MPH) Ian Jarvis to third
|
Pinch Hitting: LHB Brad York
|
0-0: Called Strike 0-1: Ball 1-1: Called Strike 1-2: Ball 2-2: Foul Ball, location: 2F 2-2: Ground out 1-3 (Groundball, 23, EV 67.5 MPH)
|
Pitching: LHP Hideharu Omoto
|
|
Batting: RHB Ji-an Li
|
0-0: Foul Ball, location: 2F 0-1: Ball 1-1: Foul Ball, location: 2F 1-2: Ball 2-2: Foul Ball, location: 2F 2-2: Strikes out swinging
|
Pinch Hitting: RHB Vinny Vasquez
|
0-0: Ball 1-0: Ball 2-0: Ball 3-0: Called Strike 3-1: Foul Ball, location: 2F 3-2: Strikes out looking
|
Top of the 8th over - 0 runs, 2 hits, 0 errors, 2 left on base; Reno 1 - Indianapolis 2 |
BOTTOM OF THE 8TH |
Indianapolis Indians batting - Pitching for Reno Aces : RHP Chad Pfeiffer
|
Pitching: LHP Afanasy Apatenko
|
|
Now at 1B: Marlon Reda
|
|
Now at 3B: Vinny Vasquez
|
|
Now at SS: Kyle Beaulieu
|
|
Now in LF: Brad York
|
|
Batting: LHB Jody Hudson
|
0-0: Ground out 3-1 (Groundball, 34, EV 93.8 MPH)
|
Batting: LHB Alberto Figueroa
|
0-0: Called Strike 0-1: Called Strike 0-2: Strikes out swinging
|
Batting: RHB Chris Pozzi
|
0-0: Foul Ball, location: 2F 0-1: Ground out 3-1 (Groundball, 34, EV 105.6 MPH)
|
Bottom of the 8th over - 0 runs, 0 hits, 0 errors, 0 left on base; Reno 1 - Indianapolis 2 |
TOP OF THE 9TH |
Reno Aces batting - Pitching for Indianapolis Indians : LHP Hideharu Omoto
|
Now in CF: Luis Ramos
|
|
Now in RF: Caleb Russell
|
|
Batting: SHB Carlos Rodriguez
|
0-0: Ball 1-0: Foul Ball, location: 2F 1-1: Foul Ball, location: 2F 1-2: Ball 2-2: Fly out, F9 (Flyball, 9, EV 75.6 MPH)
|
Batting: RHB Roberto Rodriguez
|
0-0: Ball 1-0: Ball 2-0: Called Strike 2-1: Ball 3-1: Base on Balls
|
Pinch Hitting: RHB Seth Tramontano
|
0-0: Foul Ball, location: 2F 0-1: Ball 1-1: Called Strike 1-2: Strikes out swinging
|
Batting: RHB Marlon Reda
|
0-0: Called Strike 0-1: Called Strike 0-2: Foul Ball, location: 2F 0-2: Foul Ball, location: 2F 0-2: Ball 1-2: Strikes out swinging
|
Top of the 9th over - 0 runs, 0 hits, 0 errors, 1 left on base; Reno 1 - Indianapolis 2 |
|